General information
- name: BNet
- type: Ladder team game (AT/RT)
- host: Battle.net
- saver: [._.]
map: MarketSquare
- players: 8
- length: 47:19
- speed: Fast
- version: 1.28 W3XP
- replay type: Public
» download(442 KB)
Players
team 1 (winner)
|c00000000||||| (
purple | 85 APM | 1817 actions | 21:28)
5 Demon Hunter
3 Mana Burn
2 Evasion
» actions
| Assign group hotkey | 18 | |
| Basic commands | 289 | |
| Build / train | 77 | |
| ESC pressed | 12 | |
| Enter build submenu | 40 | |
| Enter hero's abilities submenu | 5 | |
| Remove unit from queue | 4 | |
| Right click | 814 | |
| Select / deselect | 322 | |
| Select group hotkey | 161 | |
| Use ability | 75 | |
1817 total
» units
| Wisp | 28 | |
| Archer | 8 | |
| Huntress | 1 | |
| Hippogryph | 8 | |
45 total
» upgrades
» buildings
| Moon Well | 5 | |
| Altar of Elders | 2 | |
| Ancient of War | 2 | |
| Hunter's Hall | 1 | |
| Ancient of Wonders | 1 | |
| Tree of Life | 3 | |
| Ancient Protector | 16 | |
| Tree of Ages | 5 | |
| Tree of Eternity | 2 | |
| Ancient of Wind | 1 | |
38 total
» build order
00:12 Moon Well
00:15 Altar of Elders
00:52 Ancient of War
02:03 Hunter's Hall
02:14 Moon Well
02:34 Ancient of War
02:45 Moon Well
03:01 Ancient of Wonders
05:53 Tree of Life
05:55 Ancient Protector
05:57 Ancient Protector
06:13 Tree of Ages
07:48 Moon Well
07:49 Moon Well
08:48 Tree of Eternity
08:48 Tree of Eternity
08:54 Ancient of Wind
10:08 Tree of Life
10:23 Ancient Protector
10:26 Ancient Protector
10:38 Ancient Protector
10:39 Ancient Protector
10:49 Ancient Protector
11:13 Ancient Protector
11:32 Ancient Protector
11:43 Ancient Protector
11:46 Ancient Protector
11:50 Ancient Protector
12:06 Ancient Protector
12:54 Ancient Protector
13:00 Ancient Protector
14:50 Tree of Life
16:36 Ancient Protector
18:22 Tree of Ages
18:22 Tree of Ages
18:25 Tree of Ages
18:25 Tree of Ages
20:39 Altar of Elders
» items
| Scroll of Regeneration | 2 | |
| Scroll of Town Portal | 2 | |
| Orb of Corruption | 1 | |
| Scroll of Healing | 1 | |
6 total
9o)9)))0++++12 (
pink | 97 APM | 4603 actions | 47:19)
6 Archmage
3 Summon Water Elemental
2 Brilliance Aura
1 Mass Teleport
6 Mountain King
3 Storm Bolt
2 Bash
1 Avatar
» actions
| Assign group hotkey | 152 | |
| Basic commands | 178 | |
| Build / train | 248 | |
| ESC pressed | 29 | |
| Enter build submenu | 83 | |
| Enter hero's abilities submenu | 13 | |
| Give item / drop item | 33 | |
| Right click | 1572 | |
| Select / deselect | 797 | |
| Select group hotkey | 1123 | |
| Use ability | 374 | |
4603 total
» units
| Peasant | 22 | |
| Footman | 9 | |
| Rifleman | 4 | |
| Priest | 4 | |
| Dragonhawk Rider | 6 | |
| Gryphon Rider | 1 | |
| Mortar Team | 1 | |
47 total
» upgrades
| Masonry | 3 | |
| Gunpowder | 3 | |
| Lumber Harvesting | 2 | |
| Long Rifles | 1 | |
| Priest Training | 2 | |
| Armor | 3 | |
| Cloud | 1 | |
| Swords | 3 | |
| Animal War Training | 1 | |
| Storm Hammers | 1 | |
| Plating | 3 | |
| Fragmentation Shards | 1 | |
| Flare | 1 | |
25 total
» buildings
| Barracks | 1 | |
| Altar of Kings | 1 | |
| Farm | 13 | |
| Lumber Mill | 4 | |
| Blacksmith | 1 | |
| Arcane Vault | 1 | |
| Town Hall | 2 | |
| Scout Tower | 50 | |
| Keep | 4 | |
| Guard Tower | 57 | |
| Arcane Sanctum | 1 | |
| Castle | 3 | |
| Gryphon Aviary | 3 | |
| Workshop | 4 | |
| Arcane Tower | 5 | |
| Cannon Tower | 24 | |
174 total
» build order
00:57 Barracks
00:58 Altar of Kings
01:07 Farm
01:08 Farm
01:10 Farm
01:17 Farm
01:53 Farm
02:09 Lumber Mill
02:19 Farm
02:33 Blacksmith
02:58 Arcane Vault
04:19 Town Hall
04:21 Scout Tower
04:25 Scout Tower
04:27 Scout Tower
04:57 Keep
04:57 Keep
04:57 Keep
05:16 Guard Tower
06:02 Guard Tower
06:06 Scout Tower
06:09 Scout Tower
07:13 Guard Tower
07:13 Guard Tower
07:13 Guard Tower
07:26 Arcane Sanctum
07:58 Castle
07:59 Castle
07:59 Castle
10:33 Gryphon Aviary
10:37 Gryphon Aviary
11:15 Gryphon Aviary
13:45 Scout Tower
13:46 Scout Tower
13:51 Scout Tower
13:52 Scout Tower
13:52 Scout Tower
14:47 Scout Tower
14:48 Scout Tower
14:54 Scout Tower
14:55 Scout Tower
15:28 Guard Tower
15:28 Guard Tower
15:28 Guard Tower
15:35 Guard Tower
15:35 Guard Tower
15:36 Guard Tower
15:53 Scout Tower
15:55 Scout Tower
16:05 Guard Tower
16:05 Guard Tower
16:05 Guard Tower
17:20 Scout Tower
17:24 Scout Tower
17:26 Scout Tower
17:28 Scout Tower
18:03 Guard Tower
18:04 Guard Tower
18:04 Guard Tower
18:04 Guard Tower
18:04 Guard Tower
18:04 Guard Tower
18:06 Farm
18:09 Guard Tower
18:10 Guard Tower
18:51 Scout Tower
18:56 Scout Tower
18:57 Scout Tower
19:56 Guard Tower
19:56 Guard Tower
19:56 Guard Tower
20:01 Scout Tower
20:02 Scout Tower
20:07 Scout Tower
20:43 Guard Tower
20:44 Guard Tower
21:08 Farm
21:10 Farm
21:12 Farm
21:15 Farm
21:22 Farm
22:26 Town Hall
22:33 Lumber Mill
22:44 Lumber Mill
22:54 Lumber Mill
23:00 Scout Tower
23:02 Scout Tower
23:07 Scout Tower
23:09 Scout Tower
23:11 Scout Tower
23:14 Scout Tower
23:17 Scout Tower
23:19 Scout Tower
23:28 Guard Tower
23:28 Guard Tower
23:29 Guard Tower
23:29 Guard Tower
23:35 Guard Tower
23:35 Guard Tower
23:36 Guard Tower
23:36 Guard Tower
23:36 Guard Tower
23:38 Guard Tower
23:39 Guard Tower
23:39 Guard Tower
23:59 Guard Tower
23:59 Guard Tower
24:02 Guard Tower
24:02 Guard Tower
24:02 Guard Tower
24:03 Guard Tower
24:03 Guard Tower
24:07 Scout Tower
24:08 Scout Tower
24:10 Scout Tower
24:13 Scout Tower
24:38 Guard Tower
24:38 Guard Tower
24:38 Guard Tower
24:43 Guard Tower
24:44 Guard Tower
24:54 Guard Tower
24:55 Guard Tower
26:46 Keep
29:04 Farm
33:47 Workshop
33:51 Workshop
33:53 Workshop
33:54 Workshop
34:34 Arcane Tower
34:34 Arcane Tower
34:40 Guard Tower
34:41 Arcane Tower
34:41 Arcane Tower
34:41 Arcane Tower
35:01 Cannon Tower
35:02 Cannon Tower
35:42 Guard Tower
35:43 Guard Tower
37:04 Scout Tower
37:05 Scout Tower
37:07 Scout Tower
37:36 Cannon Tower
37:36 Cannon Tower
38:23 Cannon Tower
38:23 Cannon Tower
38:23 Cannon Tower
38:34 Scout Tower
38:36 Scout Tower
38:41 Scout Tower
38:45 Scout Tower
38:46 Scout Tower
38:50 Scout Tower
38:52 Scout Tower
39:07 Cannon Tower
39:07 Cannon Tower
39:07 Cannon Tower
39:20 Cannon Tower
39:20 Cannon Tower
39:34 Cannon Tower
39:34 Cannon Tower
39:42 Cannon Tower
39:42 Cannon Tower
39:46 Scout Tower
39:47 Scout Tower
39:53 Cannon Tower
39:54 Cannon Tower
39:54 Cannon Tower
40:45 Cannon Tower
40:45 Cannon Tower
40:45 Cannon Tower
40:47 Cannon Tower
40:47 Cannon Tower
» items
| Scroll of Regeneration | 7 | |
| Mechanical Critter | 17 | |
| Staff of Sanctuary | 1 | |
| Scroll of Town Portal | 2 | |
| Potion of Healing | 1 | |
| Staff of Teleportation | 2 | |
| Periapt of Vitality | 2 | |
| Potion of Lesser Invulnerability | 1 | |
| Lesser Clarity Potion | 7 | |
| Ivory Tower | 7 | |
47 total

»
faast (
orange | 26 APM | 1209 actions | 47:19)
5 Crypt Lord
1 Carrion Beetles
3 Spiked Carapace
1 Impale
3 Death Knight
2 Death Coil
1 Unholy Aura
» actions
| Basic commands | 21 | |
| Build / train | 88 | |
| Enter build submenu | 50 | |
| Enter hero's abilities submenu | 8 | |
| Remove unit from queue | 8 | |
| Right click | 365 | |
| Select / deselect | 586 | |
| Use ability | 83 | |
1209 total
» units
| Acolyte | 4 | |
| Ghoul | 9 | |
| Crypt Fiend | 8 | |
| Frost Wyrm | 1 | |
| Huntress | 1 | |
| Hippogryph | 6 | |
| Dryad | 3 | |
| Wisp | 20 | |
52 total
» upgrades
| Creature Attack | 3 | |
| Creature Carapace | 3 | |
| Web | 1 | |
| Freezing Breath | 1 | |
| Strength of the Moon | 1 | |
| Moon Armor | 1 | |
| Abolish Magic | 1 | |
11 total
» buildings
| Ziggurat | 13 | |
| Altar of Darkness | 1 | |
| Crypt | 2 | |
| Nerubian Tower | 2 | |
| Tomb of Relics | 1 | |
| Halls of the Dead | 1 | |
| Graveyard | 1 | |
| Black Citadel | 1 | |
| Sacrificial Pit | 2 | |
| Spirit Tower | 3 | |
| Necropolis | 3 | |
| Boneyard | 4 | |
| Ancient of Lore | 2 | |
| Moon Well | 6 | |
| Tree of Life | 3 | |
| Altar of Elders | 2 | |
| Hunter's Hall | 1 | |
| Ancient of War | 1 | |
49 total
» build order
00:08 Ziggurat
00:11 Altar of Darkness
00:25 Crypt
01:03 Ziggurat
01:21 Nerubian Tower
02:07 Tomb of Relics
03:27 Ziggurat
03:37 Ziggurat
04:18 Halls of the Dead
04:47 Graveyard
04:52 Nerubian Tower
06:58 Black Citadel
07:51 Sacrificial Pit
08:23 Spirit Tower
09:13 Necropolis
09:20 Boneyard
09:39 Boneyard
10:15 Ziggurat
14:36 Sacrificial Pit
16:20 Boneyard
16:23 Ziggurat
16:38 Ziggurat
16:51 Ziggurat
17:46 Ziggurat
17:47 Ziggurat
18:43 Spirit Tower
18:51 Boneyard
19:42 Ziggurat
19:44 Ziggurat
21:29 Spirit Tower
22:34 Ancient of Lore
22:37 Ancient of Lore
22:39 Moon Well
22:42 Moon Well
24:33 Tree of Life
26:26 Necropolis
27:52 Tree of Life
30:07 Necropolis
30:11 Crypt
30:15 Ziggurat
32:06 Altar of Elders
32:08 Moon Well
34:37 Tree of Life
38:24 Altar of Elders
38:51 Moon Well
39:15 Moon Well
39:42 Moon Well
40:17 Hunter's Hall
40:20 Ancient of War
» items
| Scroll of Town Portal | 3 | |
| Potion of Healing | 1 | |
| Orb of Corruption | 1 | |
5 total
killpeondancer (
blue | 88 APM | 2640 actions | 30:08)
9 Archmage
3 Summon Water Elemental
3 Blizzard
1 Mass Teleport
2 Brilliance Aura
» actions
| Assign group hotkey | 44 | |
| Basic commands | 305 | |
| Build / train | 112 | |
| ESC pressed | 1 | |
| Enter build submenu | 36 | |
| Enter hero's abilities submenu | 9 | |
| Give item / drop item | 2 | |
| Right click | 738 | |
| Select / deselect | 446 | |
| Select group hotkey | 850 | |
| Use ability | 97 | |
2640 total
» units
| Peasant | 28 | |
| Rifleman | 12 | |
| Mortar Team | 7 | |
| Siege Engine | 3 | |
| Knight | 4 | |
| Wisp | 3 | |
57 total
» upgrades
| Gunpowder | 2 | |
| Armor | 3 | |
| Long Rifles | 1 | |
| Lumber Harvesting | 2 | |
| Flare | 1 | |
| Fragmentation Shards | 1 | |
| Barrage | 1 | |
| Animal War Training | 1 | |
| Swords | 1 | |
13 total
» buildings
| Altar of Kings | 1 | |
| Farm | 12 | |
| Blacksmith | 1 | |
| Barracks | 2 | |
| Lumber Mill | 1 | |
| Arcane Vault | 2 | |
| Keep | 1 | |
| Castle | 1 | |
| Workshop | 2 | |
| Town Hall | 1 | |
| Scout Tower | 12 | |
| Guard Tower | 6 | |
| Arcane Tower | 2 | |
| Cannon Tower | 1 | |
| Ancient of Wonders | 1 | |
46 total
» build order
00:24 Altar of Kings
00:35 Farm
00:37 Farm
01:09 Blacksmith
01:50 Barracks
01:57 Lumber Mill
02:06 Farm
02:23 Arcane Vault
03:43 Keep
04:00 Farm
05:50 Barracks
05:56 Farm
06:19 Castle
06:23 Workshop
06:28 Workshop
08:29 Town Hall
08:30 Scout Tower
08:33 Scout Tower
08:36 Scout Tower
09:11 Guard Tower
09:12 Arcane Tower
09:24 Farm
10:35 Scout Tower
10:39 Scout Tower
10:42 Scout Tower
11:04 Guard Tower
12:15 Guard Tower
13:04 Guard Tower
15:15 Farm
15:35 Farm
17:04 Farm
17:08 Scout Tower
17:11 Scout Tower
17:13 Scout Tower
17:16 Scout Tower
18:52 Farm
18:54 Farm
19:02 Scout Tower
19:49 Guard Tower
19:50 Arcane Tower
19:52 Cannon Tower
19:53 Guard Tower
19:57 Arcane Vault
20:00 Scout Tower
23:43 Ancient of Wonders
25:49 Farm
» items
| Scroll of Regeneration | 5 | |
| Scroll of Town Portal | 10 | |
| Potion of Healing | 5 | |
| Potion of Mana | 1 | |
21 total
team 2 (loser)

»
SoCal.Anne (
red | 65 APM | 3053 actions | 47:19)
9 Shadow Hunter
3 Hex
3 Healing Wave
1 Big Bad Voodoo
2 Serpent Ward
» actions
| Assign group hotkey | 36 | |
| Build / train | 99 | |
| Enter build submenu | 19 | |
| Enter hero's abilities submenu | 9 | |
| Give item / drop item | 1 | |
| Right click | 1507 | |
| Select / deselect | 350 | |
| Select group hotkey | 920 | |
| Use ability | 111 | |
3053 total
» units
| Peon | 17 | |
| Wind Rider | 12 | |
| Shaman | 6 | |
| Troll Witch Doctor | 3 | |
| Raider | 16 | |
54 total
» upgrades
| Armor | 3 | |
| Ranged Weapons | 3 | |
| Shaman Training | 2 | |
| Witch Doctor Training | 2 | |
| Envenomed Spears | 1 | |
| Ensnare | 1 | |
| Pillage | 1 | |
13 total
» buildings
| Orc Burrow | 8 | |
| Altar of Storms | 2 | |
| War Mill | 1 | |
| Stronghold | 1 | |
| Voodoo Lounge | 1 | |
| Fortress | 1 | |
| Beastiary | 2 | |
| Spirit Lodge | 1 | |
| Great Hall | 3 | |
20 total
» build order
00:44 Orc Burrow
00:47 Orc Burrow
01:40 Altar of Storms
02:30 War Mill
02:55 Stronghold
03:17 Voodoo Lounge
05:06 Orc Burrow
05:18 Fortress
05:21 Beastiary
05:36 Beastiary
05:42 Spirit Lodge
06:23 Orc Burrow
10:33 Orc Burrow
11:18 Orc Burrow
23:23 Great Hall
28:06 Great Hall
31:33 Orc Burrow
31:43 Orc Burrow
31:48 Altar of Storms
32:47 Great Hall
» items
| Healing Salve | 3 | |
| Lesser Clarity Potion | 5 | |
| Scroll of Speed | 3 | |
| Boots of Speed | 1 | |
| Scroll of Protection | 2 | |
| Potion of Lesser Invulnerability | 1 | |
| Scroll of Town Portal | 2 | |
17 total
[._.] (
yellow | 72 APM | 3429 actions | 47:19)
10 Archmage
3 Summon Water Elemental
3 Brilliance Aura
1 Mass Teleport
3 Blizzard
» actions
| Assign group hotkey | 182 | |
| Basic commands | 214 | |
| Build / train | 108 | |
| Enter build submenu | 49 | |
| Enter hero's abilities submenu | 12 | |
| Give item / drop item | 6 | |
| Remove unit from queue | 8 | |
| Right click | 1898 | |
| Select / deselect | 483 | |
| Select group hotkey | 276 | |
| Use ability | 193 | |
3429 total
» units
| Peasant | 24 | |
| Footman | 4 | |
| Gryphon Rider | 12 | |
40 total
» upgrades
| Lumber Harvesting | 2 | |
| Swords | 3 | |
| Armor | 3 | |
| Animal War Training | 1 | |
| Masonry | 3 | |
| Storm Hammers | 1 | |
| Cloud | 1 | |
14 total
» buildings
| Altar of Kings | 1 | |
| Barracks | 1 | |
| Farm | 6 | |
| Scout Tower | 35 | |
| Arcane Vault | 1 | |
| Keep | 1 | |
| Town Hall | 2 | |
| Lumber Mill | 2 | |
| Castle | 1 | |
| Arcane Tower | 2 | |
| Gryphon Aviary | 4 | |
| Guard Tower | 10 | |
| Blacksmith | 2 | |
68 total
» build order
00:52 Altar of Kings
00:54 Barracks
00:57 Farm
00:58 Farm
01:05 Farm
01:08 Farm
01:09 Farm
02:11 Scout Tower
02:15 Scout Tower
03:25 Arcane Vault
03:43 Keep
04:40 Town Hall
04:49 Lumber Mill
06:04 Castle
07:11 Scout Tower
07:11 Scout Tower
07:12 Scout Tower
07:12 Scout Tower
08:20 Arcane Tower
08:22 Arcane Tower
08:54 Gryphon Aviary
08:54 Gryphon Aviary
08:54 Gryphon Aviary
09:24 Gryphon Aviary
09:29 Guard Tower
09:34 Farm
10:33 Blacksmith
10:34 Blacksmith
10:46 Scout Tower
10:47 Scout Tower
10:49 Scout Tower
10:50 Scout Tower
10:51 Scout Tower
10:53 Scout Tower
13:15 Guard Tower
13:55 Scout Tower
13:56 Scout Tower
13:57 Scout Tower
14:22 Guard Tower
14:30 Guard Tower
15:10 Scout Tower
16:13 Guard Tower
16:22 Guard Tower
19:37 Scout Tower
19:38 Scout Tower
19:38 Scout Tower
19:39 Scout Tower
19:39 Scout Tower
20:18 Guard Tower
21:06 Guard Tower
24:06 Lumber Mill
25:29 Scout Tower
25:31 Scout Tower
25:31 Scout Tower
27:27 Guard Tower
29:44 Scout Tower
29:44 Scout Tower
29:46 Scout Tower
29:47 Scout Tower
31:57 Town Hall
32:13 Guard Tower
» items
| Scroll of Regeneration | 5 | |
| Mechanical Critter | 4 | |
| Healing Salve | 1 | |
| Staff of Teleportation | 1 | |
| Scroll of Town Portal | 3 | |
| Staff of Sanctuary | 1 | |
| Potion of Healing | 3 | |
| Periapt of Vitality | 1 | |
19 total
TRUMP-VS-RUSSIA (
green | 54 APM | 2570 actions | 47:19)
6 Goblin Tinker
3 Pocket Factory
2 Engineering Upgrade
1 Robo-Goblin
» actions
| Assign group hotkey | 50 | |
| Basic commands | 119 | |
| Build / train | 65 | |
| Enter build submenu | 19 | |
| Enter hero's abilities submenu | 6 | |
| Give item / drop item | 1 | |
| Remove unit from queue | 2 | |
| Right click | 1187 | |
| Select / deselect | 279 | |
| Select group hotkey | 772 | |
| Use ability | 70 | |
2570 total
» units
| Peon | 10 | |
| Troll Batrider | 27 | |
| Wind Rider | 1 | |
38 total
» upgrades
| Ranged Weapons | 3 | |
| Liquid Fire | 1 | |
| Reinforced Defenses | 1 | |
| Armor | 2 | |
7 total
» buildings
| Altar of Storms | 1 | |
| Orc Burrow | 6 | |
| Voodoo Lounge | 1 | |
| Stronghold | 1 | |
| War Mill | 1 | |
| Beastiary | 3 | |
| Fortress | 1 | |
| Watch Tower | 14 | |
| Great Hall | 1 | |
29 total
» build order
00:11 Altar of Storms
00:23 Orc Burrow
01:04 Voodoo Lounge
02:12 Stronghold
02:33 War Mill
02:40 Orc Burrow
02:41 Orc Burrow
02:42 Orc Burrow
04:35 Beastiary
04:41 Beastiary
05:17 Fortress
05:20 Orc Burrow
08:46 Watch Tower
08:47 Watch Tower
09:35 Watch Tower
09:35 Watch Tower
13:04 Beastiary
15:03 Orc Burrow
24:40 Great Hall
24:42 Watch Tower
24:43 Watch Tower
24:43 Watch Tower
24:43 Watch Tower
24:45 Watch Tower
24:46 Watch Tower
26:06 Watch Tower
26:07 Watch Tower
26:07 Watch Tower
26:55 Watch Tower
» items
| Healing Salve | 1 | |
| Staff of Teleportation | 2 | |
| Potion of Invisibility | 2 | |
| Scroll of Town Portal | 1 | |
| Boots of Speed | 1 | |
| Potion of Lesser Invulnerability | 1 | |
8 total

»
Rivs91 (
teal | 25 APM | 1174 actions | 47:19)
8 Mountain King
3 Storm Bolt
3 Bash
1 Avatar
1 Thunder Clap
» actions
| Basic commands | 26 | |
| Build / train | 84 | |
| ESC pressed | 3 | |
| Enter build submenu | 25 | |
| Enter hero's abilities submenu | 8 | |
| Remove unit from queue | 5 | |
| Right click | 635 | |
| Select / deselect | 336 | |
| Use ability | 52 | |
1174 total
» units
| Peasant | 7 | |
| Footman | 2 | |
| Rifleman | 39 | |
48 total
» upgrades
| Gunpowder | 3 | |
| Armor | 3 | |
| Lumber Harvesting | 1 | |
| Long Rifles | 1 | |
8 total
» buildings
| Altar of Kings | 1 | |
| Farm | 15 | |
| Barracks | 1 | |
| Blacksmith | 1 | |
| Scout Tower | 8 | |
| Arcane Vault | 2 | |
| Lumber Mill | 1 | |
| Guard Tower | 5 | |
| Keep | 1 | |
| Castle | 1 | |
36 total
» build order
00:06 Altar of Kings
00:21 Farm
00:36 Barracks
01:04 Farm
01:58 Blacksmith
02:13 Farm
02:15 Scout Tower
02:24 Arcane Vault
03:16 Lumber Mill
03:47 Farm
03:49 Farm
04:02 Farm
04:04 Farm
05:13 Guard Tower
06:25 Keep
06:29 Scout Tower
06:29 Scout Tower
06:40 Scout Tower
06:42 Scout Tower
06:44 Scout Tower
08:04 Guard Tower
08:06 Guard Tower
08:17 Guard Tower
08:47 Farm
11:22 Farm
11:23 Farm
11:25 Farm
11:30 Castle
13:35 Scout Tower
13:39 Farm
13:44 Farm
13:45 Farm
13:47 Farm
14:39 Arcane Vault
16:08 Guard Tower
16:30 Scout Tower
» items
| Healing Salve | 1 | |
| Scroll of Regeneration | 2 | |
| Scroll of Town Portal | 2 | |
| Orb of Fire | 1 | |
| Scroll of Healing | 1 | |
7 total
Chat log
(02:50 / Allies) SoCal.Anne: air
(02:53 / Allies) SoCal.Anne: casters
(02:56 / Allies) Rivs91: rifle
(04:03 / Allies) TRUMP-VS-RUSSIA: wood plz
(05:31 / Allies) TRUMP-VS-RUSSIA: wood
(07:32 / Allies) TRUMP-VS-RUSSIA: gold wood plz bats in 3 min i will hit
(08:49 / Allies) [._.]: what a shitty item
(08:54 / Allies) TRUMP-VS-RUSSIA: yeap
(08:55 / Allies) SoCal.Anne: lol
(08:56 / Allies) SoCal.Anne: what is
(08:56 / Allies) [._.]: lumber
(09:04 / Allies) [._.]: orb of frost
(09:06 / Allies) TRUMP-VS-RUSSIA: hit
(09:07 / Allies) [._.]: lumber
(09:08 / Allies) TRUMP-VS-RUSSIA: so i can bat
(09:08 / Allies) SoCal.Anne: oh
(09:10 / Allies) TRUMP-VS-RUSSIA: red come
(09:10 / Allies) SoCal.Anne: its good
(09:12 / Allies) TRUMP-VS-RUSSIA: red come
(09:22 / Allies) SoCal.Anne: where
(10:10 / All) [._.]: fuck
(10:14 / All) [._.]: fucking great
(10:21 / Allies) [._.]: and I can't get fucking lumber
(11:35 / Allies) TRUMP-VS-RUSSIA: hit bottom expo
(11:49 / Allies) SoCal.Anne: ok
(11:50 / Allies) SoCal.Anne: hiut
(12:08 / Allies) SoCal.Anne: \tealk
(12:29 / All) [._.]: I feel so much lag lwal
(13:22 / All) [._.]: I'm getting like 5 frames per second
(13:53 / Allies) [._.]: lumber
(14:52 / Allies) SoCal.Anne: gold pls
(15:05 / Allies) SoCal.Anne: ty
(15:26 / Allies) TRUMP-VS-RUSSIA: teal hit purple
(15:27 / Allies) TRUMP-VS-RUSSIA: jesus
(15:28 / Allies) SoCal.Anne: again
(15:28 / Allies) TRUMP-VS-RUSSIA: u idiot
(15:32 / Allies) [._.]: this is like unplayable lol
(15:35 / Allies) TRUMP-VS-RUSSIA: quit hitting pink
(16:35 / All) TRUMP-VS-RUSSIA: i hhate this team
(16:37 / All) TRUMP-VS-RUSSIA: complete garbage
(16:40 / All) TRUMP-VS-RUSSIA: nobody is doing anything
(16:44 / Allies) SoCal.Anne: i did
(16:45 / Allies) SoCal.Anne: hit top
(16:45 / All) 9o)9)))0++++12: they're hitting me
(16:49 / Allies) TRUMP-VS-RUSSIA: q
(16:49 / Allies) SoCal.Anne: 1 tp
(16:52 / All) 9o)9)))0++++12: tell that asshole to do something else
(16:53 / Allies) TRUMP-VS-RUSSIA: QUIT HITTING PINK
(16:54 / Allies) TRUMP-VS-RUSSIA: idiot
(16:56 / Allies) TRUMP-VS-RUSSIA: he is just a troll
(16:57 / Allies) [._.]: anne hit bottom with us
(16:59 / Allies) SoCal.Anne: ok
(17:02 / Allies) [._.]: go
(17:04 / Allies) TRUMP-VS-RUSSIA: dumb fuck
(17:34 / Allies) SoCal.Anne: gold
(17:39 / Allies) TRUMP-VS-RUSSIA: teal
(17:40 / Allies) TRUMP-VS-RUSSIA: jesus
(17:43 / Allies) [._.]: lumber lumber
(17:48 / All) |c00000000|||||: why you pull bats back before hippos show up
(17:57 / All) TRUMP-VS-RUSSIA: uh cuz blue mass tped
(17:59 / All) TRUMP-VS-RUSSIA: lol
(18:31 / Allies) TRUMP-VS-RUSSIA: mass tp
(18:46 / Allies) SoCal.Anne: go
(18:59 / Allies) [._.]: they hitting my expo
(20:30 / All) |c00000000|||||: WTF
(20:31 / All) |c00000000|||||: LOL TEAL HACK
(20:35 / All) |c00000000|||||: lul
(20:39 / All) SoCal.Anne: purge baby
(20:41 / All) |c00000000|||||: that dust
(20:44 / All) |c00000000|||||: random dust
(20:46 / All) |c00000000|||||: blatant hack
(21:26 / All) |c00000000|||||: gg pink 7.5k gold and socal maphacking
(21:29 / Allies) TRUMP-VS-RUSSIA: tp back to me
(21:30 / Allies) TRUMP-VS-RUSSIA: rod
(21:56 / All) SoCal.Anne: purge learn it
(23:03 / Allies) SoCal.Anne: go
(23:05 / Allies) SoCal.Anne: ill pillage
(23:06 / Allies) SoCal.Anne: im broke
(23:07 / Allies) SoCal.Anne: leave me
(23:12 / Allies) SoCal.Anne: teal go
(23:15 / All) TRUMP-VS-RUSSIA: someone is rage whispering me
(24:05 / Allies) SoCal.Anne: haha
(24:08 / Allies) SoCal.Anne: he said hack more
(24:09 / Allies) SoCal.Anne: lmaoo
(24:27 / Allies) SoCal.Anne: whispere back "i just level up !"
(24:54 / All) TRUMP-VS-RUSSIA: purple noob
(25:28 / Allies) TRUMP-VS-RUSSIA: blue expo
(25:41 / Allies) SoCal.Anne: why u no helppppp
(25:50 / Allies) SoCal.Anne: whyyyy
(26:56 / Allies) SoCal.Anne: MY ONLY HOPE
(27:01 / Allies) SoCal.Anne: protect !!
(27:31 / Allies) SoCal.Anne: teal
(28:24 / Allies) Rivs91: meet and fight?
(28:50 / All) TRUMP-VS-RUSSIA: y blue tp away lol
(28:56 / All) 9o)9)))0++++12: hacks
(29:00 / All) SoCal.Anne: am dying
(29:02 / Allies) [._.]: I focused his am
(29:10 / Allies) TRUMP-VS-RUSSIA: ah smart
(29:17 / All) SoCal.Anne: lmaoo
(29:43 / Allies) SoCal.Anne: tyty
(29:47 / Allies) SoCal.Anne: but im currently dead
(29:50 / Allies) SoCal.Anne: so yeah :D
(29:55 / All) 9o)9)))0++++12: gg i have noob team
(30:00 / All) SoCal.Anne: GEGEEEE
(30:13 / All) TRUMP-VS-RUSSIA: ragequit lawl
(30:23 / All) [._.]: he got out maged
(30:37 / Allies) SoCal.Anne: noo
(30:39 / Allies) SoCal.Anne: he saw
(30:40 / Allies) SoCal.Anne: pls pls
(30:42 / Allies) SoCal.Anne: kill
(30:48 / Allies) SoCal.Anne: lket me live !!
(31:10 / Allies) SoCal.Anne: wisp !!
(31:11 / Allies) SoCal.Anne: kill
(31:19 / Allies) SoCal.Anne: hey !
(31:20 / Allies) SoCal.Anne: youu
(31:24 / Allies) SoCal.Anne: it got out
(31:25 / Allies) SoCal.Anne: tealk
(33:02 / Allies) SoCal.Anne: wtffffffff
(33:03 / Allies) SoCal.Anne: noooooo
(33:29 / Allies) [._.]: oh thought anne was on other team
(33:34 / Allies) SoCal.Anne: whyd u kill me
(33:35 / Allies) SoCal.Anne: :(
(33:44 / Allies) TRUMP-VS-RUSSIA: relax it would have died anyways pink wsa there
(33:46 / Allies) [._.]: anne not team player didn't know she was on our team
(34:08 / Allies) SoCal.Anne: who are u?
(34:11 / Allies) SoCal.Anne: do i know u
(34:26 / Allies) [._.]: I'm the guy that creeps in at night and sniffs your toenails
(34:33 / Allies) SoCal.Anne: lol
(34:35 / Allies) SoCal.Anne: serious tho
(35:10 / All) [._.]: Slaughterhouse 9001
(35:32 / All) [._.]: youtube.com/lordfarsanky
(38:55 / Allies) [._.]: ninja looting scum
(38:58 / All) [._.]: yeh
(39:54 / All) [._.]: LOVE SHACK
(39:57 / All) [._.]: BABY LOVE SHACK
(40:01 / All) [._.]: LOVE SHACK BAYYY BEEE
(40:56 / All) faast: but im not leaving
(41:01 / All) 9o)9)))0++++12: orange is mad
(43:00 / All) [._.]: EVERYBODYS MOVIN EVERYBODYS GROOVIN BABY
(43:05 / All) 9o)9)))0++++12: black 2 food somewhere
(43:14 / All) [._.]: top corner expo maybe
(43:23 / All) 9o)9)))0++++12: found 1
(43:31 / All) 9o)9)))0++++12: found 2
(44:30 / All) [._.]: bang bang bang on the door baby
(46:56 / All) 9o)9)))0++++12: From where you're kneeling it must look like an 18-karat run of bad luck
(46:57 / All) 9o)9)))0++++12: but the truth is
(47:01 / All) 9o)9)))0++++12: the game was rigged from the start
(47:16 / All) [._.]: Good luck gentlemen, may this game never end